 Dungeon Crawl Stone Soup version 0.16-a0-3467-gfe061fe (webtiles) character file.

139 NewYearsCrawler the Shield-Bearer (level 5, 0/41 HPs)
             Began as a Formicid Fighter on Jan 2, 2015.
             Slain by Terence
             ... wielding a +2 flail of crushing
              (8 damage)
             ... on level 3 of the Dungeon.
             The game lasted 00:03:21 (2828 turns).

NewYearsCrawler the Shield-Bearer (FoFi)            Turns: 2828, Time: 00:03:21

Health: 0/41       AC:  6    Str: 21    XL:     5   Next: 46%
Magic:  7/7        EV:  9    Int: 13    God:
Gold:   85         SH: 10    Dex: 10    Spells: 0 memorised, 4 levels left

rFire  + . .     SeeInvis +     a - +0 war axe
rCold  + . .     Clarity  .     b - +0 scale mail
rNeg   . . .     SustAb   .     c - +0 shield
rPois  +         Gourm    .     (helmet unavailable)
rElec  +         Spirit   .     (no cloak)
rCorr  +         Warding  .     (no gloves)
rMut   .         Stasis   +     (no boots)
MR     .....                    (no amulet)
Stlth  ..........               (no ring)
                                p - +1 ring of evasion

@: brilliant, resistant, not resistant to hostile enchantments, extremely
unstealthy
A: permanent stasis, dig shafts and tunnels, four strong arms, antennae 3
a: Dig, Shaft Self


You were on level 3 of the Dungeon.
You were not hungry.

You visited 1 branch of the dungeon, and saw 3 of its levels.

You collected 85 gold pieces.

Inventory:

Hand weapons
 a - a +0 war axe (weapon)
Missiles
 m - 2 javelins (quivered)
 n - 7 tomahawks
Armour
 b - a +0 scale mail (worn)
 c - a +0 shield (worn)
 w - a +0 large shield
Jewellery
 p - a +1 ring of evasion (left hand)
 t - an uncursed ring of wizardry {unknown}
Scrolls
 g - a scroll of enchant armour {unknown}
 h - a scroll of enchant weapon {unknown}
 j - 3 scrolls of magic mapping {unknown}
 o - 2 scrolls of remove curse {unknown}
 u - a scroll of blinking {unknown}
Potions
 e - a potion of might
 l - a potion of agility
 v - a potion of cancellation {unknown}
Comestibles
 d - 5 bread rations
 f - 3 beef jerkies
 i - a meat ration
 k - a slice of pizza
 x - 2 chunks of flesh


   Skills:
 - Level 3.2 Fighting
 + Level 3.2 Axes
 - Level 3.2 Armour
 + Level 6.1 Shields


You had 4 spell levels left.
You didn't know any spells.

Dungeon Overview and Level Annotations

Branches:
Dungeon (3/15)

Altars:
Ashenzari
Gozag
Nemelex Xobeh
Xom

Annotations:
D:3 Terence


Innate Abilities, Weirdness & Mutations

You are under a permanent stasis effect.
You can dig through walls and to a lower floor.
Your four strong arms can wield two-handed weapons with a shield.
You have a pair of large antennae on your head (SInv).


Message History

You are too injured to fight recklessly!
Unknown command.
You are too injured to fight recklessly!
You are too injured to fight recklessly!
Unknown command.
Terence hits you with a flail of crushing.
* * * LOW HITPOINT WARNING * * *
x2 Drink which item? (? for menu, Esc to quit)
It was a potion of brilliance.
You feel clever all of a sudden. You block the orc's attack.
Terence barely misses you.
Drink which item? (? for menu, Esc to quit)
It was a potion of haste.
Your stasis keeps you stable.
Terence barely misses you. The orc closely misses you.
Drink which item? (? for menu, Esc to quit)
It was a potion of resistance.
You feel protected. Terence hits you but does no damage.
The orc barely misses you.
Terence hits you with a flail of crushing!
You die...

#.#####.###.#
#.......## ###
##.......# ..#
#.####..# ##
#.# #.# #..#
.<
#.####.####..#
####o####.#
#†........#..#
#[o{......#
#.####.##.#..#
#@##.###..#
#.##
#.......###@#
# ...#
####...[.##.#
##.#
#....###.# ..#
#.# #.#.####.#
#.# ##.#
#......(.# #.#
.#.#
###.###### #.#
.#.# ##'## #.#
.#.# ##...##
#.# ...#
##....)## ###
#.#


You could see Terence (berserk) and an orc.

Vanquished Creatures
  6 adders (D:2)
  2 worms
  3 giant geckos
  2 oozes
  3 orcs (D:3)
  5 giant cockroaches
  5 goblins
  8 hobgoblins
  5 kobolds
  13 bats
  3 giant newts
  2 quokkas (D:2)
  8 rats
65 creatures vanquished.

Notes
Turn   | Place    | Note
--------------------------------------------------------------
     0 | D:1      | NewYearsCrawler, the Formicid Fighter, began the quest for the Orb.
     0 | D:1      | Reached XP level 1. HP: 18/18 MP: 1/1
   274 | D:1      | Reached skill level 4 in Shields
   293 | D:1      | Reached XP level 2. HP: 17/24 MP: 3/3
   502 | D:1      | Reached XP level 3. HP: 22/29 MP: 4/4
   806 | D:1      | Reached skill level 5 in Shields
  1315 | D:2      | Found an opulent altar of Gozag.
  1315 | D:2      | Found a shimmering altar of Xom.
  1317 | D:2      | Found a shattered altar of Ashenzari.
  1318 | D:2      | Found a sparkling altar of Nemelex Xobeh.
  1505 | D:2      | Reached XP level 4. HP: 32/35 MP: 5/5
  2025 | D:2      | Reached XP level 5. HP: 25/41 MP: 7/7
  2322 | D:2      | Reached skill level 6 in Shields
  2812 | D:3      | Noticed Terence
  2828 | D:3      | Slain by Terence

Action                   |  1- 3 |  4- 6 || total
-------------------------+-------+-------++-------
Melee: War axe           |   149 |   166 ||   315
 Abil: Dig               |     1 |       ||     1
  Use: Potion            |     1 |     3 ||     4
  Eat: Chunk             |     2 |     5 ||     7
